cohdb
Replays
Latest Replays
All Replays
Popular Replays
Top Player Replays
Match Explorer
How It Works
Community
CoH3 Stats
Reddit
Sign in to upload your games and track your stats! →
Sign in with Steam
Match 45433710
Unlisted
Match 45433710
Overview
Messages
Build Orders
End
Selects Italian Combined Arms Battlegroup
Selects Italian Combined Arms Battlegroup
Selects Bersaglieri Squad
Bersaglieri Squad
250 Light Carrier
Bersaglieri Squad
Construct Light Support Kompanie
Combat Half-tracks
Construct Mechanized Kompanie
Selects Bersaglieri Bolster
8 Rad Armored Car
Vehicle Survival Package
Bersaglieri Squad
Construct Panzerarmee Kommand
Selects Breda Model 30 Light Machine Guns
Panzer III L Medium Tank
Emergency Repair Kits
Panzer III L Medium Tank
Selects Semovente da 75/18 Assault Gun
Selects Strafing Run
Armored Reserves
Rapid Advance
Walking Stuka Rocket Launcher
Selects Artillery Cover
Construct Mechanized Kompanie
Tiger Heavy Tank
Construct Mechanized Kompanie
Tungsten Core Ammunition
Advanced Optics
Strafing Run
Artillery Cover
ChineseMomBoom
영국좆사기
DebaKLeTV
deez
0
0
Comments
sign in to comment!
No comments posted yet!